[Event "Late-Titled-Tuesday-Blitz-June-18-2024"]
[Site "Chess.com"]
[Date "2024.06.18"]
[Round "3"]
[White "osielchesslover2011"]
[Black "harshu27"]
[Result "0-1"]
[WhiteElo "2178"]
[BlackElo "2539"]
[TimeControl "180+1"]
[EndTime "14:29:50 PDT"]
[Termination "harshu27 won by checkmate"]

1. e4 c5 2. Nf3 Nc6 3. d4 cxd4 4.
Nxd4 Nf6 5. Nc3 e5 6. Ndb5 d6 7. Nd5 Nxd5 8. exd5 Ne7 9. c4 Ng6 10. Be3 f5 11. Bd3 Be7 12. Qc2 O-O 13. O-O-O e4 14.
Be2 a6 15. Nc3 Bg5 16. g3 Bxe3+ 17. fxe3 Qg5 18. Qd2 Bd7 19. Qd4 b5 20. h4 Qxg3 21. Rdg1 Qe5 22. Qxe5 Nxe5 23. cxb5 axb5 24. Nxb5 Bxb5 25.
Bxb5 Rxa2 26. Kb1 Ra5 27. Bc6 Rb8 28. Rg2 Nc4 29. Rhg1 Ra7 30. Re2 Ne5 31. Reg2 Ng4 32. Rg3 Ra3 33. Re1 Rab3 34. h5 Rxb2+ 35. Kc1 Rh2 36. Bd7 Ra8 37. Kb1 Rb8+ 38. Kc1 Nf2 39. Be6+ Kh8 40. Re2 Nd3+ 41. Kd2 Rb2+ 42. Kc3 Rhxe2 43.
h6 Rec2+ 44. Kd4 Rb4# 0-1

[Event "Late-Titled-Tuesday-Blitz-June-18-2024"]
[Site "Chess.com"]
[Date "2024.06.18"]
[Round "3"]
[White "MYMChessAcademy"]
[Black "Heliosis11"]
[Result "0-1"]
[WhiteElo "2218"]
[BlackElo "2453"]
[TimeControl "180+1"]
[EndTime "14:29:50 PDT"]
[Termination "Heliosis11 won by checkmate"]

1. e4 e5 2. Nf3 Nc6 3. Bc4 Nf6 4. d3 Bc5 5. Nc3 O-O 6. O-O a6 7. a4 d6 8. Nd5 h6 9. Be3 Ba7 10. h3 Be6 11. Qd2 Bxd5 12. exd5 Ne7 13. d4 e4 14. Nh4 Nexd5 15. Nf5 Nxe3 16. Qxe3 d5 17. Qg3 Nh5 18. Nxh6+ Kh7 19. Be2 Kxh6 20. Qe3+ g5 21. h4 Nf4 22. hxg5+ Qxg5 23. g3 Nxe2+ 24. Qxe2 Bxd4 25.
Kg2 Kg7 26. Rh1 Rh8 27. c3 Be5 28. Rh2 Rxh2+ 29. Kxh2 Rh8+ 30. Kg2 f5 31. Rd1 f4 32. Qd2 f3+ 33. Kg1 Qxd2 34. Rxd2 c6 35. c4 Rd8 36. b3 d4 37. Rd1 Rd6 38. Kf1 e3 39.
Ke1 Re6 40. Rd3 Bxg3 41. fxg3 f2+ 42. Ke2 Rf6 43. Rd1 f1=Q+ 44. Rxf1 Rxf1 45. Kxf1 d3 46. Ke1 Kf6 47. b4 Kf5 48. c5 Ke4 49. g4 Kf3 50. g5 e2 51. Kd2 Kf2 52. Kxd3 e1=Q 53. g6 Qb1+ 54. Kd4 Qxg6 55. b5 Qg4+ 56. Kc3 Qxa4 57. b6 Qb5 58. Kd4 Qb4+ 59. Ke5 Qxc5+ 60. Ke6 Qxb6 61. Kd7 a5 62. Kc8 a4 63. Kb8 a3 64. Kc8 a2 65. Kb8 a1=Q 66. Kc8 Qf6 67. Kb8 Qfd8# 0-1

[Event "Late-Titled-Tuesday-Blitz-June-18-2024"]
[Site "Chess.com"]
[Date "2024.06.18"]
[Round "3"]
[White "aranibos"]
[Black "KorolDimitriy75"]
[Result "0-1"]
[WhiteElo "2272"]
[BlackElo "2491"]
[TimeControl "180+1"]
[EndTime "14:29:51 PDT"]
[Termination "KorolDimitriy75 won by resignation"]

1. e4 c5 2. Nc3 g6 3. f4 Bg7 4. Nf3 Nc6 5. Bb5 Nd4 6. Bc4 e6 7. d3 Ne7 8. O-O O-O 9. a3 d5 10. Ba2 b5 11. Kh1 Bb7 12. Ne2 dxe4 13. Nfxd4 cxd4 14.
dxe4 Bxe4 15. Ng3 Bd5 16. Bxd5 Qxd5 17. Qf3 Rac8 18. Qd3 Qc4 19. Bd2 Qxc2 20. Qxc2 Rxc2 21. Bb4 Re8 22. Rac1 Rxb2 23. Bxe7 Rxe7 24. Rc8+ Bf8 25. Ne4 Kg7 26. Rd8 Ra2 27. Rxd4 Rxa3 28. h4 Rc7 29. Ng5 Be7 30. Nf3 b4 31. Rfd1 a5 32. Rd7 Rxd7 33. Rxd7 Kf8 34. Rb7 b3 35. Kh2 a4 36.
Ne5 Ra2 37. Rb8+ Kg7 38. Rb7 Kf8 39. Rb8+ Kg7 40. Rb7 Kf6 41. Nd7+ Kf5 42. Kg3 b2 43. Kf3 Ra3+ 44. Kf2 Rb3 45. Rxb3 axb3 46. Kf3 h5 0-1

[Event "Late-Titled-Tuesday-Blitz-June-18-2024"]
[Site "Chess.com"]
[Date "2024.06.18"]
[Round "3"]
[White "Chaubunagungamaug1"]
[Black "NowInChess"]
[Result "1-0"]
[WhiteElo "2467"]
[BlackElo "2233"]
[TimeControl "180+1"]
[EndTime "14:29:51 PDT"]
[Termination "Chaubunagungamaug1 won by resignation"]

1. Nc3 e6 2. d4 Nf6 3. e4 d5 4.
Bg5 Be7 5. e5 Nfd7 6. h4 Bxg5 7.
hxg5 Qxg5 8. Nh3 Qe7 9. Qg4 g6 10. Nf4 Nc6 11. O-O-O Nb6 12. Bd3 Bd7 13. Qg3 O-O-O 14.
Qe3 h5 15. Kb1 Kb8 16. Nfe2 Na5 17. Qc1 Nbc4 18. Ka1 Rc8 19. b3 Na3 20. Qb2 a6 21.
Nb1 Nxb1 22. Rxb1 c5 23. c4 cxd4 24. Nxd4 Bc6 25. c5 Bd7 26. b4 Nc4 27. Bxc4 dxc4 28. Qc3 Bc6 29. Nxc6+ Rxc6 30. Rhd1 Rd8 31. Qxc4 Rcc8 32.
Rxd8 Rxd8 33. b5 axb5 34. Qxb5 Qc7 35. c6 Rd5 36. Qxb7+ Qxb7 37. Rxb7+ Kc8 38. Rxf7 Rxe5 39. Kb2 Rc5 40. c7 Rf5 41. Rxf5 gxf5 42. Kc3 e5 43. Kc4 Kxc7 44. Kd5 e4 45. Ke5 h4 46. Kxf5 1-0

[Event "Late-Titled-Tuesday-Blitz-June-18-2024"]
[Site "Chess.com"]
[Date "2024.06.18"]
[Round "3"]
[White "sirinbaba33"]
[Black "koncheto"]
[Result "1-0"]
[WhiteElo "2475"]
[BlackElo "2607"]
[TimeControl "180+1"]
[EndTime "14:29:52 PDT"]
[Termination "sirinbaba33 won by resignation"]

1. e4 c5 2. Nf3 d6 3. d4 cxd4 4. Nxd4 Nf6 5. Nc3 Nc6 6. Bg5 e6 7. Qd2 a6 8. Nxc6 bxc6 9. O-O-O Be7 10. Bf4 d5 11. Bc4 dxc4 12. Qe2 Qa5 13. Qxc4 Bd7 14. f3 O-O 15. g4 e5 16. Bg3 Be6 17. Qxc6 Bb4 18.
Be1 Bxc3 19. Bxc3 Qxa2 20. Kd2 Rad8+ 21. Ke3 Rc8 22. Qd6 Qa4 23. Qxe5 Qxc2 24. Rd2 Qa4 25. Qg5 h6 26. Qe5 Qb5 27. h4 Qxe5 28. Bxe5 Rfd8 29. Rhd1 Rxd2 30. Rxd2 Kf8 31. g5 hxg5 32. hxg5 Nd7 33. Bc3 Ke8 34. Bxg7 Rc5 35. f4 Rb5 36. Bc3 Ke7 37.
f5 Bb3 38. Rh2 Ne5 39. Rh7 Nc4+ 40. Kf4 Nd6 41. g6 Ke8 42. g7 f6 43. Rh8+ Kf7 44. g8=Q+ Ke7 45. Bxf6+ 1-0

[Event "Late-Titled-Tuesday-Blitz-June-18-2024"]
[Site "Chess.com"]
[Date "2024.06.18"]
[Round "3"]
[White "RichardShtivelband"]
[Black "fly_21"]
[Result "0-1"]
[WhiteElo "2378"]
[BlackElo "2575"]
[TimeControl "180+1"]
[EndTime "14:29:53 PDT"]
[Termination "fly_21 won by resignation"]

1. e4 c5 2. Nf3 d6 3. d4 cxd4 4. Nxd4 Nf6 5. Nc3 a6 6. f4 e6 7. Qf3 Be7 8. Be3 Qc7 9. Be2 b5 10. e5 Bb7 11. Qg3 dxe5 12. fxe5 Nfd7 13. Qxg7 Qxe5 14. Qxe5 Nxe5 15. O-O-O Nbd7 16. Nf3 O-O-O 17. Bd4 Nxf3 18. Bxh8 Bg5+ 19. Kb1 Nd2+ 20. Rxd2 Bxd2 21.
Bd4 Rg8 22. Bd3 Rxg2 23. Ne4 Bf4 24. Rf1 e5 25. Nd6+ Kc7 26. Nxb7 exd4 27. Rxf4 Rg1+ 28.
Bf1 Kxb7 29. Rxf7 Kc6 30. Kc1 Ne5 31. Rf6+ Kd5 32. Kd2 Nc4+ 33. Bxc4+ bxc4 34. Rf5+ Ke4 35. Rh5 Rg2+ 36. Kd1 d3 37. cxd3+ cxd3 38. Rh4+ Ke3 39. Rh3+ Ke4 40. Rh4+ Kf5 41. Rxh7 Rxb2 42. Rh3 Ke4 43. a4 Ra2 44. Rh6 Ke3 45. Rh3+ Kd4 46. Rh4+ Kc3 47. Ke1 Ra1+ 48. Kf2 d2 0-1

[Event "Late-Titled-Tuesday-Blitz-June-18-2024"]
[Site "Chess.com"]
[Date "2024.06.18"]
[Round "3"]
[White "DeArron_Fox"]
[Black "DryCounty"]
[Result "0-1"]
[WhiteElo "2461"]
[BlackElo "2653"]
[TimeControl "180+1"]
[EndTime "14:29:54 PDT"]
[Termination "DryCounty won by resignation"]

1. d4 Nf6 2. c4 g6 3. Nc3 Bg7 4. e4 d6 5. f3 O-O 6. Be3 c5 7. Nge2 Nc6 8. d5 Ne5 9. Ng3 e6 10. Be2 exd5 11. cxd5 h5 12. O-O h4 13. Nh1 Nh7 14. Nf2 f5 15. f4 Nf7 16. Bd3 Re8 17. Qd2 Nf6 18. exf5 Bxf5 19. Bxf5 gxf5 20. Rae1 Qd7 21. Qc2 b5 22. Qd2 b4 23. Ncd1 Qb7 24.
b3 Qxd5 25. Qxd5 Nxd5 26. Bd2 Bd4 27. Kh1 Nf6 28. Nd3 Rxe1 29. Rxe1 Ne4 30. Be3 Bc3 31. Nxc3 bxc3 32. Rc1 Nh6 33. h3 Rc8 34. Kg1 d5 35. Nxc5 Nf7 36. Bd4 Nfd6 37. b4 Nb5 38. Ne6 Kf7 39.
a4 Kxe6 40. axb5 Rc4 41. Bxa7 Rxb4 42. b6 d4 43. b7 Rxb7 44. Bxd4 Rc7 45. Rc2 Rc4 46.
Be5 Ra4 47. Kf1 Kd5 48. Ke2 Kc4 49. Kf3 Kd3 50. Re2 Nd2+ 51. Kf2 Re4 52. Rxe4 Nxe4+ 53. Kf3 c2 54. Bb2 Kd2 55. Ba3 c1=Q 56. Bxc1+ Kxc1 57. Ke3 Kd1 58. Kd4 Ke2 59. Ke5 Ng3 60. Kf6 Kf2 61.
Kg5 Kxg2 62. Kxh4 Kh2 0-1

[Event "Late-Titled-Tuesday-Blitz-June-18-2024"]
[Site "Chess.com"]
[Date "2024.06.18"]
[Round "3"]
[White "KebabJangles"]
[Black "MathiasWomacka"]
[Result "0-1"]
[WhiteElo "2289"]
[BlackElo "2515"]
[TimeControl "180+1"]
[EndTime "14:29:54 PDT"]
[Termination "MathiasWomacka won by checkmate"]

1. d4 Nf6 2. c4 e6 3. g3 c5 4. d5 exd5 5. cxd5 d6 6. Nc3 g6 7. Bg2 Bg7 8. Nf3 O-O 9. O-O Nbd7 10. Bf4 Qe7 11. e4 Ng4 12. Nd2 Nge5 13. Be3 Nb6 14. Qe2 Ng4 15. Bf4 g5 16. Be3 Nxe3 17. fxe3 Nd7 18. Nc4 Ne5 19. a4 Bg4 20. Bf3 Nxf3+ 21. Rxf3 Bxc3 22. bxc3 Qxe4 23. Nd2 Bxf3 24. Qxf3 Qxf3 25.
Nxf3 f6 26. Kf2 Rfe8 27. c4 Re4 28. Nd2 Re7 29. Rb1 f5 30. a5 Kg7 31. Kf3 Kg6 32. h3 Rf8 33. Rg1 Rfe8 34. Re1 b6 35. a6 h5 36. Kf2 g4 37. h4 Kf6 38. Re2 Rb8 39.
Re1 b5 40. Rb1 b4 41. Nb3 Rbe8 42. Re1 Re4 43. Na5 Ke7 44. Nc6+ Kd7 45. Nxa7 Rxc4 46.
Nc6 Rc2+ 47. Kf1 Ra2 48. a7 b3 49. Rb1 Rxe3 50. Kg1 Rxg3+ 51. Kf1 Rh3 52. Kg1 Rd3 53.
Kf1 Rxd5 54. Nb8+ Kc7 55. Rxb3 Rd1# 0-1

[Event "Late-Titled-Tuesday-Blitz-June-18-2024"]
[Site "Chess.com"]
[Date "2024.06.18"]
[Round "3"]
[White "jcibarra"]
[Black "ellatambien"]
[Result "1-0"]
[WhiteElo "3010"]
[BlackElo "2721"]
[TimeControl "180+1"]
[EndTime "14:29:56 PDT"]
[Termination "jcibarra won on time"]

1. e4 e5 2. Nf3 Nc6 3. Nc3 Nf6 4. a4 d5 5. exd5 Nxd5 6. Bb5 Nxc3 7. bxc3 Bd6 8. O-O O-O 9. d4 exd4 10. cxd4 Bg4 11.
c3 Na5 12. Rb1 c6 13. Bd3 Re8 14. Bd2 Bc7 15. h3 Bh5 16. Re1 Rxe1+ 17. Bxe1 Qd5 18. Be2 a6 19. c4 Nxc4 20. Rxb7 Rc8 21. Qb3 Bxf3 22.
Bxc4 Qd6 23. Rxc7 Qxc7 24. Qxf3 a5 25. Bd2 Re8 26. g3 g6 27. Bxa5 Qd7 28. Bb6 Kg7 29.
Kg2 Re1 30. d5 Rc1 31. dxc6 Qe7 32. Bd4+ f6 33. Bb5 Qd6 34. Be3 Rb1 35. h4 h5 36. Qe4 Rb4 37. Qf3 Rb1 38. Bf4 Qb4 39.
Qe2 Qc5 40. c7 Kh7 41. Qf3 Qf5 42. Ba6 1-0

[Event "Late-Titled-Tuesday-Blitz-June-18-2024"]
[Site "Chess.com"]
[Date "2024.06.18"]
[Round "3"]
[White "Giantgoogachess"]
[Black "Goryachkina"]
[Result "1/2-1/2"]
[WhiteElo "2485"]
[BlackElo "2662"]
[TimeControl "180+1"]
[EndTime "14:29:56 PDT"]
[Termination "Game drawn by repetition"]

1. d4 Nf6 2. c4 g6 3. Nc3 Bg7 4. e4 d6 5. Be2 O-O 6. Be3 c5 7. d5 b5 8. cxb5 a6 9. a4 Nbd7 10. Nf3 axb5 11. Bxb5 Ba6 12. O-O Bxb5 13. axb5 Qb6 14. Qe2 Qb7 15. Nd2 Nb6 16. Ra6 Nfd7 17. Rfa1 Rfc8 18. h3 h5 19. Bg5 Kf8 20. R1a3 Ne5 21. Bf4 Kg8 22. Bxe5 Bxe5 23. Nc4 Nxc4 24.
Qxc4 Bf6 25. g3 Rxa6 26. Rxa6 Rb8 27. b6 Qc8 28. Kg2 h4 29. g4 Be5 30. Qb5 Kg7 31.
Ra7 Qd8 32. b7 Qh8 33. Qc6 Qh6 34. Ra8 Qf4 35. Rxb8 Qh2+ 36. Kf1 Qxh3+ 37. Ke2 Qxg4+ 38. Kd3 Qf3+ 39. Kc4 Bxc3 40. Rg8+ Kf6 41. bxc3 Qe2+ 42. Kb3 Qd1+ 43. Kb2 Qd2+ 44. Kb3 Qd1+ 45. Ka3 Qa1+ 46.
Kb3 Qb1+ 47. Kc4 Qf1+ 48. Kb3 Qd1+ 1/2-1/2

[Event "Late-Titled-Tuesday-Blitz-June-18-2024"]
[Site "Chess.com"]
[Date "2024.06.18"]
[Round "3"]
[White "Bauman_Guy"]
[Black "HalfIsCrayfish"]
[Result "1-0"]
[WhiteElo "2910"]
[BlackElo "2557"]
[TimeControl "180+1"]
[EndTime "14:29:57 PDT"]
[Termination "Bauman_Guy won on time"]

1. e4 c5 2. Nf3 Nc6 3. d4 cxd4 4. Nxd4 g6 5. Nc3 Bg7 6. Be3 Nf6 7. Be2 Qa5 8. O-O O-O 9. Nb3 Qc7 10. Nd5 Qd8 11. Bf3 d6 12. c3 Ne5 13. Nxf6+ Bxf6 14. Be2 Be6 15. Nd4 Bc4 16. b3 Bxe2 17. Qxe2 Rc8 18. c4 Nc6 19. Nxc6 bxc6 20. Rad1 Qc7 21. Rd3 a5 22. Rfd1 Ra8 23. c5 dxc5 24. Bxc5 Rfd8 25.
g3 h5 26. Kg2 e6 27. Qe3 Rxd3 28. Rxd3 a4 29. bxa4 Rxa4 30. a3 Be7 31. Bb6 Qb7 32. Bc5 Rc4 33. Bd6 c5 34. Bxe7 Qxe7 35. e5 Rd4 36. Kh3 Kg7 37. Rc3 Rd5 38. a4 Qc7 39. f4 Qa5 40. Rc4 Qa6 41. Qc3 Rd4 42. Rxd4 cxd4 43. Qxd4 Qf1+ 44. Kh4 Qf3 45. h3 Kh6 46. Qd8 Kg7 47. a5 Qe2 48. Qb6 Qe4 49. Qd8 Qe2 50.
Qf6+ Kg8 51. Kg5 h4 52. g4 1-0

[Event "Late-Titled-Tuesday-Blitz-June-18-2024"]
[Site "Chess.com"]
[Date "2024.06.18"]
[Round "3"]
[White "patzer-reloaded"]
[Black "Dr_troll"]
[Result "0-1"]
[WhiteElo "2459"]
[BlackElo "2650"]
[TimeControl "180+1"]
[EndTime "14:29:57 PDT"]
[Termination "Dr_troll won on time"]

1. d3 c5 2. Nf3 Nc6 3. g3 g6 4.
Bg2 Bg7 5. O-O Nf6 6. c4 O-O 7. Nc3 d5 8. cxd5 Nxd5 9. Nxd5 Qxd5 10. Be3 Qd6 11. Rc1 Nd4 12. Nxd4 cxd4 13. Bf4 e5 14. Bd2 Be6 15. Qa4 Qb6 16. Qb4 Bg4 17. Rfe1 Rfc8 18. Kf1 Bf8 19. Qxb6 axb6 20. a3 Rab8 21. Rxc8 Rxc8 22.
Rc1 Rxc1+ 23. Bxc1 Bc8 24. Bg5 b5 25. Bf6 Bd6 26.
Ke1 Kf8 27. Kd1 Ke8 28. Kc2 Kd7 29. Bh3+ Kc7 30. Bxc8 Kxc8 31. Kb3 Kd7 32. f3 Ke6 33. Bg5 f6 34. Bd2 Kd5 35. Bb4 Bc7 36. Be7 f5 37.
Kb4 Kc6 38. g4 h5 39. gxh5 gxh5 40. h3 Bb6 41. Bf8 Bd8 42. Bg7 Be7+ 43. Kb3 Kd5 44. Bh6 e4 45. Bd2 Ke5 46. Bc1 e3 47. Kc2 Kf4 0-1

[Event "Late-Titled-Tuesday-Blitz-June-18-2024"]
[Site "Chess.com"]
[Date "2024.06.18"]
[Round "3"]
[White "Roland_Garros_2024"]
[Black "Roachelley"]
[Result "0-1"]
[WhiteElo "2218"]
[BlackElo "2543"]
[TimeControl "180+1"]
[EndTime "14:29:57 PDT"]
[Termination "Roachelley won by checkmate"]

1. e4 c5 2. Nf3 d6 3. d4 cxd4 4. Nxd4 Nf6 5. Nc3 Nc6 6. Bg5 e6 7. Qd2 a6 8. Nxc6 bxc6 9. O-O-O Be7 10. Bxf6 gxf6 11. Bc4 Bb7 12. Bb3 Qc7 13. Kb1 d5 14. exd5 cxd5 15. Rhe1 O-O-O 16. Qe2 Bb4 17. Rd4 Bxc3 18.
bxc3 Qxc3 19. Rd3 Qa5 20. Kb2 Kb8 21. Qf3 f5 22. Qf4+ Qc7 23. Qb4 Rhg8 24. g3 Rg4 25. f4 Rgg8 26. Ba4 Ka8 27. Rc3 Qb8 28. Qb6 Rd6 29. Qc7 Bc6+ 30. Qxb8+ Rxb8+ 31. Bb3 d4 32. Rc5 Be4 33. Rd1 Rbd8 34. Rc7 R8d7 35. Rc4 d3 36.
cxd3 Rxd3 37. Rxd3 Bxd3 38. Rc8+ Kb7 39. Rh8 Bb5 40.
Rxh7 a5 41. a4 Bc6 42. h4 Kb6 43. Rg7 Kc5 44. h5 Kb4 45. Bc2 Rd2 46. Kc1 Kc3 47.
Bd1 Ra2 48. Kb1 Ra3 49. Rxf7 Be4+ 50. Kc1 Ra1# 0-1

[Event "Late-Titled-Tuesday-Blitz-June-18-2024"]
[Site "Chess.com"]
[Date "2024.06.18"]
[Round "3"]
[White "ahkashefi2800"]
[Black "StoreySniper"]
[Result "1-0"]
[WhiteElo "2607"]
[BlackElo "2408"]
[TimeControl "180+1"]
[EndTime "14:29:58 PDT"]
[Termination "ahkashefi2800 won on time"]

1. e4 g6 2. Nc3 Bg7 3. d4 c5 4.
Be3 Qa5 5. Nf3 Nf6 6. Qd2 Nc6 7. dxc5 Ng4 8. Bd4 Nxd4 9. Nxd4 Qxc5 10. O-O-O Bxd4 11. Qxd4 Qxd4 12. Rxd4 Nxf2 13. Rg1 Ng4 14. Nd5 Kd8 15. Bc4 Ne5 16. Rf1 f6 17. Bb3 b6 18. h4 Bb7 19. Nf4 Kc7 20. Rfd1 Rad8 21. Ba4 Bc6 22. Bb3 Kc8 23. g3 h6 24. a4 g5 25. Nd3 Nxd3+ 26. cxd3 Kb7 27. Kd2 gxh4 28. gxh4 e6 29. Rf1 Rdf8 30. a5 bxa5 31. Ra1 Rhg8 32. Rxa5 Rg2+ 33. Ke3 Rfg8 34. Rb4+ Ka8 35.
Ba4 e5 36. Bd1 R8g3+ 37. Bf3 Rh2 38. Ra1 Rhh3 39. Rf1 Rxh4 40. Ke2 Rf4 41. Rc4 Rh3 42. Rf2 Rg3 43. Rc1 h5 44. Rh1 h4 45. b4 f5 46. Kf1 fxe4 47. Bxe4 Rxf2+ 48. Kxf2 Bxe4 49. dxe4 Rg4 50. Kf3 Rf4+ 51. Ke3 Kb7 52. Rd1 Kc6 53. Ra1 Kb6 54. Rd1 Kc6 55. Ra1 h3 56. Ra6+ Kb5 57. Rh6 Kxb4 58. Rxh3 Kc5 59. Rh7 Kc6 60. Rh6+ Kc7 61.
Ra6 Kb7 62. Rd6 Rf7 63. Kd3 a6 64. Kc4 Kc7 65. Kd5 Rh7 66. Rxa6 Rh5 67. Ra8 1-0

[Event "Late-Titled-Tuesday-Blitz-June-18-2024"]
[Site "Chess.com"]
[Date "2024.06.18"]
[Round "3"]
[White "AlbusSevresPotter"]
[Black "unbreakablepawn35"]
[Result "0-1"]
[WhiteElo "2609"]
[BlackElo "2451"]
[TimeControl "180+1"]
[EndTime "14:29:59 PDT"]
[Termination "unbreakablepawn35 won on time"]

1. e4 d5 2. exd5 Qxd5 3. Nc3 Qd8 4. d4 Nf6 5. Nf3 Bg4 6. h3 Bxf3 7. Qxf3 c6 8. Be3 e6 9. Ne4 Be7 10. c3 Nbd7 11. Bd3 Nxe4 12. Bxe4 Nf6 13. Bd3 O-O 14.
O-O c5 15. Rfd1 cxd4 16. Bxd4 Qc7 17. Rd2 Rad8 18. Rad1 Rd5 19. Bxf6 Bxf6 20. Be4 Rxd2 21. Rxd2 b6 22. g3 Rd8 23. Re2 Qc5 24. Kg2 Bg5 25.
h4 Bh6 26. Bc2 g6 27. Bb3 Bg7 28. Qb7 a5 29. a4 Qd6 30. h5 Rd7 31. Qa8+ Rd8 32.
Qb7 Rd7 33. Qf3 Rc7 34. Re4 Qc6 35. Kg1 g5 36. h6 Bxh6 37. Bc2 f5 38. Qh5 fxe4 39.
Qxh6 Qd5 40. Qf6 Rf7 41. Qh6 Qd2 42. Qxg5+ Qxg5 0-1

[Event "Late-Titled-Tuesday-Blitz-June-18-2024"]
[Site "Chess.com"]
[Date "2024.06.18"]
[Round "3"]
[White "Dolphin_2010"]
[Black "HansOnTwitch"]
[Result "1/2-1/2"]
[WhiteElo "2791"]
[BlackElo "3129"]
[TimeControl "180+1"]
[EndTime "14:30:00 PDT"]
[Termination "Game drawn by repetition"]

1. d4 Nf6 2. Bg5 d5 3. Bxf6 gxf6 4. e3 c5 5. dxc5 Nc6 6. Nf3 e6 7. c4 dxc4 8. Qxd8+ Kxd8 9. Bxc4 Bxc5 10. Nc3 Ke7 11. a3 a6 12. Rc1 Ba7 13. Ba2 Bd7 14. O-O Rhd8 15. Rfd1 Be8 16. Rxd8 Rxd8 17. Kf1 f5 18.
Rd1 Rc8 19. g3 f6 20. Bc4 Na5 21. Be2 Nc4 22. Bxc4 Rxc4 23. Nd4 Bd7 24. Ke1 Rc8 25. h4 b5 26. Nde2 Bc6 27. Nd4 Bb7 28. Rd2 Rc4 29. Nce2 Bc8 30. Rc2 Rxc2 31. Nxc2 e5 32. Nb4 Bb7 33. Nc3 Kd6 34. Nd3 Bb6 35. Kd2 Bc6 36. Nb4 Bb7 37. Nd3 Bc8 38. Nb4 Bd8 39. e4 a5 40. Nd3 fxe4 41. Nxe4+ Kc6 42. b4 a4 43. Nc3 Bb6 44. f4 exf4 45. Nxf4 Bd4 46.
Nfe2 Be5 47. Ke3 Bd7 48. Nd4+ Kb6 49. Nd5+ Kb7 50. Nf4 Kc7 51. Nd5+ Kd6 52. Nf4 f5 53. Kd3 Bf6 54. Ke3 Ke5 55. Nf3+ Kd6 56. Nd4 Bd8 57.
Kd3 Bb6 58. Nde2 Bc6 59. Nd4 Bd7 60. Nf3 Bf2 61. Ne2 Kd5 62. Nf4+ Kd6 63. Ne2 Bc6 64. Nfd4 Bd7 65. Nf3 1/2-1/2

[Event "Late-Titled-Tuesday-Blitz-June-18-2024"]
[Site "Chess.com"]
[Date "2024.06.18"]
[Round "3"]
[White "EvilMorty23"]
[Black "Rutricks"]
[Result "0-1"]
[WhiteElo "2331"]
[BlackElo "2814"]
[TimeControl "180+1"]
[EndTime "14:30:00 PDT"]
[Termination "Rutricks won by checkmate"]

1. e4 g6 2. d4 Bg7 3. Nc3 c6 4.
d5 Nf6 5. e5 Nxd5 6. Nxd5 cxd5 7. Qxd5 Nc6 8. f4 d6 9. exd6 O-O 10. Nf3 Bf5 11. c3 exd6 12. Be2 Re8 13. Kf2 Qb6+ 14. Kf1 Re7 15. h3 Rae8 16. Bc4 Be6 17. Qd3 Bxc4 18. Qxc4 Re2 19. Qxe2 Rxe2 20. Kxe2 Qb5+ 21. Kf2 Na5 22.
Re1 Bf6 23. Nd4 Qb6 24. Re8+ Kg7 25. Kg1 Nc4 26. Be3 Qxb2 27. Re1 Qxc3 28. Nf3 Nxe3 29.
R8xe3 Qc4 30. g3 Qxa2 31. R1e2 Qc4 32. Kg2 a5 33. Re4 Qa6 34. g4 a4 35. g5 Bc3 36.
Nh4 Qb5 37. f5 gxf5 38. Re7 a3 39. Rf2 a2 40. Nxf5+ Qxf5 41. Rxf5 a1=Q 42. Rexf7+ Kg6 43. h4 Be5 44. h5+ Kxh5 45. Rxh7+ Kg4 46. Rhf7 Qb1 47. Rf2 Qe4+ 48. R7f3 b5 49. g6 b4 50. g7 Bxg7 51.
Kf1 Qxf3 52. Rxf3 Kxf3 53. Ke1 Ke3 54. Kd1 Kd3 55. Kc1 b3 56. Kb1 Kc3 57. Kc1 b2+ 58.
Kb1 Bf6 59. Ka2 Kc2 60. Ka3 b1=Q 61. Ka4 Bc3 62. Ka3 Qb3# 0-1

[Event "Late-Titled-Tuesday-Blitz-June-18-2024"]
[Site "Chess.com"]
[Date "2024.06.18"]
[Round "3"]
[White "SpeedofLight0"]
[Black "HowTo2Draw"]
[Result "1-0"]
[WhiteElo "3029"]
[BlackElo "2522"]
[TimeControl "180+1"]
[EndTime "14:30:02 PDT"]
[Termination "SpeedofLight0 won on time"]

1. c4 e6 2. g3 d5 3. Bg2 d4 4. Nf3 Nc6 5. O-O Nf6 6. d3 Be7 7. Na3 O-O 8. Nc2 a5 9. b3 e5 10. Bg5 Nd7 11. Bxe7 Qxe7 12. a3 Nc5 13. Nd2 Bf5 14.
Bxc6 bxc6 15. f3 Bg6 16. Rb1 f5 17. Qe1 Rae8 18. Qf2 Rd8 19. b4 Na4 20. Nb3 Nc3 21.
Rbe1 axb4 22. axb4 Ra8 23. Ra1 Na2 24. Qe1 Rfb8 25.
Qd2 h5 26. f4 h4 27. fxe5 hxg3 28. hxg3 Qxe5 29. Rf4 Nc3 30. Rxa8 Rxa8 31. Nbxd4 Nb1 32. Qc1 Nc3 33. Qe1 c5 34. bxc5 Na4 35. c6 Nc5 36.
Qf2 Ra2 37. Qe3 Qxe3+ 38. Nxe3 Ra1+ 39. Kf2 Ra2 40. Kf1 Na4 41. Nd5 Bf7 42. Nxc7 Nc3 43.
Ncb5 Ra1+ 44. Kg2 Nd1 45. Nxf5 Nb2 46. c7 g5 47. c8=Q+ 1-0

[Event "Late-Titled-Tuesday-Blitz-June-18-2024"]
[Site "Chess.com"]
[Date "2024.06.18"]
[Round "3"]
[White "SRob2003"]
[Black "szachmistrz2500"]
[Result "0-1"]
[WhiteElo "2699"]
[BlackElo "2504"]
[TimeControl "180+1"]
[EndTime "14:30:02 PDT"]
[Termination "szachmistrz2500 won by resignation"]

1. e4 c6 2. Ne2 d5 3. e5 c5 4.
d4 Nc6 5. dxc5 Nxe5 6. Nd4 Nf6 7.
b4 e6 8. f4 Nc6 9. c3 Be7 10. Bd3 O-O 11. O-O a5 12. b5 Nb8 13.
Ba3 Nbd7 14. c6 Nc5 15. Bc2 Nce4 16. Bc1 bxc6 17. Nxc6 Qb6+ 18. Kh1 Bc5 19. Nd4 Bxd4 20. Qxd4 Qxb5 21. Bd3 Qc6 22. Ba3 Re8 23. Rf3 Ba6 24. Bc2 Rec8 25. h3 Qc4 26. Qxc4 Rxc4 27. Bd3 Rcc8 28.
Bc2 Rab8 29. Be7 h5 30. Bb3 h4 31. Bxf6 Nxf6 32. Na3 Ne4 33. Rc1 Ng3+ 34. Kh2 Bb7 35.
Nb1 d4 36. Rf2 d3 37. Rd2 Be4 38. c4 Rb6 39. Re1 f5 40. Nc3 Rd6 41. Na4 Bc6 42. Kg1 Ne4 43. Rdd1 d2 44. Re2 Bxa4 45. Bxa4 Rxc4 46. Bb3 Rc1 47. Kh2 Rxd1 48. Bxd1 Nc3 0-1

[Event "Late-Titled-Tuesday-Blitz-June-18-2024"]
[Site "Chess.com"]
[Date "2024.06.18"]
[Round "3"]
[White "Millerkallpa"]
[Black "Perecke"]
[Result "0-1"]
[WhiteElo "2206"]
[BlackElo "2542"]
[TimeControl "180+1"]
[EndTime "14:30:03 PDT"]
[Termination "Perecke won on time"]

1. e4 e5 2. Nf3 Nc6 3. Bb5 a6 4. Ba4 Nf6 5. O-O Be7 6. Re1 b5 7. Bb3 d6 8. c3 O-O 9. h3 Na5 10. Bc2 c5 11. d4 Qc7 12. Nbd2 cxd4 13. cxd4 Nc6 14. Nb3 a5 15. Be3 a4 16. Nbd2 Bd7 17.
Rc1 Rac8 18. Bd3 Qb7 19. Qe2 Rfe8 20. dxe5 Nxe5 21. Nxe5 dxe5 22. Nf3 Bb4 23. Rxc8 Rxc8 24. Rd1 Re8 25. Bg5 Nh5 26. a3 Bc5 27. Qc2 Rc8 28. Qd2 h6 29. Be3 Bxe3 30. Qxe3 Qc7 31. Bf1 Nf4 32.
g3 Nxh3+ 33. Bxh3 Bxh3 34. Rd5 f6 35. Rxb5 Bg4 36. Rd5 Qc1+ 37. Qxc1 Rxc1+ 38. Kg2 Rc2 39. Nh2 Be6 40. Rb5 Bb3 41. Nf1 Rxb2 42. Ne3 Ra2 43. Rb7 Rxa3 44. Nf5 Bf7 45. Nd6 Be6 46. Re7 Bg4 47.
Ra7 Bf3+ 48. Kh3 Ra1 49. g4 a3 50. Nf5 g6 0-1

[Event "Late-Titled-Tuesday-Blitz-June-18-2024"]
[Site "Chess.com"]
[Date "2024.06.18"]
[Round "3"]
[White "noblerone"]
[Black "Chessdemon2019"]
[Result "0-1"]
[WhiteElo "2532"]
[BlackElo "2386"]
[TimeControl "180+1"]
[EndTime "14:30:03 PDT"]
[Termination "Chessdemon2019 won by resignation"]

1. d4 Nf6 2. Nf3 g6 3. Bg5 Bg7 4.
Nbd2 d5 5. e3 O-O 6. c4 c5 7.
cxd5 Nxd5 8. Bc4 Be6 9. O-O Nc6 10.
dxc5 Nc7 11. Rb1 Qd7 12. Bxe6 Nxe6 13. Qc2 Nxg5 14. Nxg5 Nb4 15. Qc4 Qxd2 16. Nf3 Qd5 17. Qxb4 Rfc8 18. Rfc1 Rc7 19. h3 Qxa2 20. Qb5 Qd5 21.
b4 b6 22. Rd1 Qc6 23. Qxc6 Rxc6 24. Nd4 Bxd4 25. exd4 e6 26. b5 Rc7 27. c6 Rd8 28.
Ra1 Rd5 29. Rab1 Kf8 30. Kf1 Ke7 31. Ke2 Kd6 32. Ke3 f5 33. f4 Rg7 34. h4 h6 35.
Rdc1 Kc7 36. Ra1 Kb8 37. c7+ Rxc7 38. Rxc7 Kxc7 39. Rxa7+ Kd6 40. Rg7 Rxb5 41. Rxg6 Rb3+ 42. Kf2 h5 43. Rg5 Rd3 44. Rxh5 Rxd4 45. Rh8 Rxf4+ 46. Kg3 Rg4+ 47. Kh3 b5 48. Rb8 b4 49. h5 Kc5 50.
g3 Kc4 51. Re8 b3 52. Rxe6 Kc3 53. Rc6+ Rc4 54. Rb6 Rb4 55. Rc6+ Rc4 56. Rb6 b2 57.
Rxb2 Kxb2 58. h6 Rc6 59. g4 Rxh6+ 60. Kg3 Rg6 61. Kf4 fxg4 62. Kf5 g3 63. Kxg6 g2 0-1